AoeStats
← Descenter

Arena

510321970Analyzed
1v1 RM · 2d ago on Sep 30, 2026· 29m 25s· 2 players
Game mode
Random Map
Map size
Tiny (2 player)
Population
200
Speed
Normal
Resources
Standard
Victory
Conquest
Starting age
Dark Age
Ending age
Imperial Age
RankedLock teamsTeams togetherTeam positionsShared explorationLock speedFull tech treeHidden civsTurbo modeCheats
Victory
Defeat
🇨🇳 Byzantines · China
671
+15
🇪🇸 Turks · Spain
653
-15
barimba92
13:25 Feudal Age
19:13 Castle Age
17:01 Loom
20:01 Double-Bit Axe
20:14 Loom
24:04 Imperial Age
Descenter
11:49 Feudal Age
16:47 Castle Age
15:22 Double-Bit Axe
15:30 Horse Collar
16:39 Forging
16:35 Stone Mining
16:41 Gold Mining
21:39 Scale Mail Armor
22:33 Wheelbarrow
22:02 Fletching
Connection lost

Rejoining the realm…

Still unreachable

The connection could not be restored.

Session expired

The server has moved on; the page needs a fresh start.